 Dungeon Crawl Stone Soup version 0.26-a0-50-gc4d14cd842 (webtiles) character file.

Game seed: 49312345566055264

153 Gwenloh the Magician (level 5, 0/37 HPs)
             Began as a Mummy Fire Elementalist on June 4, 2020.
             Slain by an orc
             ... wielding a +0 flail
              (5 damage)
             ... on level 3 of the Dungeon.
             The game lasted 00:16:18 (3672 turns).

Gwenloh the Magician (Mummy Fire Elementalist)      Turns: 3672, Time: 00:16:19

Health: 0/37       AC:  2    Str: 11    XL:     5   Next: 12%
Magic:  2/10       EV: 12    Int: 15    God:
Gold:   170        SH:  0    Dex: 13    Spells: 6/10 levels left

rFire    x . .     SeeInvis .   g - +0 short sword
rCold    + . .     Gourm    .   (no shield)
rNeg     + + +     Faith    .   a - +0 robe
rPois    ∞         Spirit   .   (no helmet)
rElec    .         Reflect  .   (no cloak)
rCorr    .         Harm     .   (no gloves)
MR       .....                  (no boots)
Stlth    +.........             (no amulet)
HPRegen  0.12/turn              (no ring)
MPRegen  0.12/turn              (no ring)

@: confused
A: no food or potions, fire vulnerability, cold resistance 1, negative energy
resistance 3, torment resistance, unbreathing
a: no special abilities


You were on level 3 of the Dungeon.
You were not hungry.

You visited 1 branch of the dungeon, and saw 3 of its levels.

You collected 170 gold pieces.

Inventory:

Hand Weapons
 g - a +0 short sword (weapon)
Missiles
 d - 107 stones (quivered)
Armour
 a - a +0 robe (worn)
Jewellery
 i - an uncursed amulet of guardian spirit {unknown}
Wands
 h - a wand of polymorph (6)
Scrolls
 b - a scroll of fog {unknown}
 c - 2 scrolls of remove curse {unknown}
 e - a scroll of random uselessness {unknown}
 f - 3 scrolls of identify {unknown}
 j - 2 scrolls of enchant weapon {unknown}


   Skills:
 + Level 1.3 Fighting
 + Level 2.1 Dodging
 + Level 2.2 Stealth
 + Level 3.3 Spellcasting
 * Level 2.1 Conjurations
 * Level 3.1 Fire Magic


You had 6 spell levels left.
You knew the following spells:

 Your Spells              Type           Power        Failure   Level  Hunger
a - Foxfire               Conj/Fire      ##..         6%          1    N/A
b - Conjure Flame         Conj/Fire      ##......     19%         3    N/A

Your spell library contained the following spells:

 Spells                   Type           Power        Failure   Level  Hunger
 Inner Flame              Hex/Fire       #.......     30%         3    N/A
 Sticky Flame             Conj/Fire      ##......     54%         4    N/A
 Fireball                 Conj/Fire      ##........   87%         5    N/A

Dungeon Overview and Level Annotations

Branches:
Dungeon (3/15)

Altars:
Ashenzari


Innate Abilities, Weirdness & Mutations

You do not eat or drink.
Your flesh is vulnerable to fire.
You are immune to poison.
Your flesh is cold resistant. (rC+)
You are immune to negative energy. (rN+++)
You are immune to unholy pain and torment.
You can survive without breathing.


Message History

You are confused.
You're too confused to cast spells.
You bump into the rock wall.
You hear some strange, mumbled words.
You are more confused.
You bump into the rock wall.
You bump into the rock wall.
You hear some strange, mumbled words.
Something tries to affect you, but you resist.
Something hits you.
* * * LOW HITPOINT WARNING * * *
You bump into the rock wall.
Something hits you.
* * * LOW HITPOINT WARNING * * *
You bump into the rock wall.
The orc hits you but does no damage. The orc barely misses you.
Something hits you.
* * * LOW HITPOINT WARNING * * *
You're too confused to move!
The orc barely misses you. Something hits you.
* * * LOW HITPOINT WARNING * * *
The orc hits you with a +0 flail.
You die...

#....#.#...####.####....#
#....
##.###............##....#
#.... #.#
##....#####........ #....
#.# #.#..# #.##...## #....
#.# #.#..# #.##..### #....
#.# #.#..# #.##....## #....
#.# #....###
#....##..#####.... #.#
#.##...# #o.#####.....)....
#.# #.####.# #@o#
######..†.# #.# ##.# #.#
#..# ###..# #.# #..# #.#
##.# #... #.###..# #.# #.#
#..# #.##...# #)# #.#
######.## #....#.# #.# #.#
#...##.## #..###.# #.#
##.#######...##.## ##.# #.#
#.###................. #.#
#.####†......######...##.##


You could see 2 orcs.

Vanquished Creatures
  A worker ant (D:3)
  2 adders
  3 gnolls (D:3)
  An ooze (D:1)
  A worm (D:2)
  3 dart slugs
  3 leopard geckos
  3 orcs
  3 giant cockroaches
  8 goblins
  4 hobgoblins
  4 jackals (D:1)
  11 kobolds
  A quokka (D:3)
  6 bats
  3 frilled lizards
  12 rats
69 creatures vanquished.

Vanquished Creatures (collateral kills)
  A frilled lizard (D:1)
1 creature vanquished.

Vanquished Creatures (others)
  216 foxfires
216 creatures vanquished.

Grand Total: 286 creatures vanquished

Notes
Turn   | Place    | Note
-------+----------+-------------------------------------------
     0 | D:1      | Gwenloh the Mummy Fire Elementalist began the quest for the
                  | Orb.
     0 | D:1      | Reached XP level 1. HP: 13/13 MP: 4/4
   325 | D:1      | Reached skill level 1 in Conjurations
   496 | D:1      | Reached XP level 2. HP: 19/19 MP: 2/5
  1035 | D:1      | Reached XP level 3. HP: 25/25 MP: 5/7
  1067 | D:1      | Learned a level 3 spell: Conjure Flame
  2201 | D:2      | Reached skill level 1 in Fighting
  2204 | D:2      | Reached XP level 4. HP: 28/32 MP: 0/8
  2973 | D:3      | Found a shattered altar of Ashenzari.
  3407 | D:3      | Reached XP level 5. HP: 36/37 MP: 4/9
  3672 | D:3      | Slain by an orc

Illustrated notes

Levels and vault maps discovered:
D:1:      lemuel_arrival_tunnels, layout_loops_ring, st_stairs_9
D:2:      layout_basic
D:3:      layout_rooms, ashenzari_conservatory_becter, first_ration,
          grunt_ministairs_15, minmay_quadrilaterals

Skill      XL: |  1  2  3  4 |
---------------+-------------+-----
Conjurations   | 1 2 |  2.1
Spellcasting   | 3 |  3.3
Fighting       | 1 |  1.3
Stealth        | 2 |  2.2
Dodging        | 2 |  2.1
Fire Magic     | 3 |  3.1

Action                   |  1- 3 |  4- 6 || total
-------------------------+-------+-------++-------
Melee: Unarmed           |     1 |       ||     1
       Short sword       |     7 |       ||     7
Throw: Stone             |     3 |     1 ||     4
 Cast: Foxfire           |    81 |    57 ||   138
Armor: Robe              |     5 |     3 ||     8
Dodge: Dodged            |    47 |    15 ||    62

Table legend:
 A = Non-vault XP
 B = Vault XP
 C = Vault XP percentage of total XP
 D = Non-vault monster count
 E = Vault monster count
 F = Vault count percentage of total count
                 A         B        C        D         E       F
            +---------+---------+-------+---------+---------+-------
      Total |     205 |      14 |   6.4 |      64 |       6 |   8.6
            +---------+---------+-------+---------+---------+-------
        D:1 |      49 |       6 |  10.9 |      28 |       3 |   9.7
        D:2 |      51 |       0 |   0.0 |      21 |       0 |   0.0
        D:3 |     105 |       8 |   7.1 |      15 |       3 |  16.7
            +---------+---------+-------+---------+---------+-------
